AoeStats
← Fireworks

Arena

507830407Analyzed
4v4 RM · 14d ago on Sep 19, 2026· 20m 29s· 8 players
Game mode
Random Map
Map size
Large (8 player)
Population
200
Speed
Normal
Resources
Standard
Victory
Conquest
Starting age
Dark Age
Ending age
Imperial Age
RankedLock teamsTeams togetherTeam positionsShared explorationLock speedFull tech treeHidden civsTurbo modeCheats
Victory
Defeat
🇭🇺 Saracens · Hungary
1510
+14
🇨🇳 Bulgarians · China
1456
+16
🇦🇺 Huns · Australia
1420
+17
🇦🇷 Gurjaras · Argentina
1418
+18
🇨🇳 Bohemians · China
1519
-19
🇨🇳 Malay · China
1474
-17
🇨🇳 Jurchens · China
1452
-16
🇨🇳 Inca · China
1372
-13
Nomore
11:25 Feudal Age
16:53 Castle Age
14:51 Double-Bit Axe
15:10 Horse Collar
18:14 Wheelbarrow
17:50 Town Watch
18:29 Bow Saw
18:22 Heavy Plow
18:30 Gold Mining
18:29 Loom
huninter
10:31 Feudal Age
14:37 Castle Age
13:04 Double-Bit Axe
13:27 Horse Collar
19:55 Light Cavalry
Winsto
12:02 Feudal Age
12:54 Double-Bit Axe
15:45 Castle Age
13:30 Horse Collar
14:22 Loom
15:13 Gold Mining
17:55 Bow Saw
Erebor.
3:13 Loom
10:48 Feudal Age
14:32 Castle Age
12:23 Double-Bit Axe
13:56 Horse Collar
15:36 Bow Saw
06老玩家回归
10:40 Feudal Age
14:27 Castle Age
12:15 Double-Bit Axe
12:40 Horse Collar
14:20 Gold Mining
15:25 Scale Mail Armor
16:42 Loom
18:54 Forging
93老玩家回归
10:47 Feudal Age
14:28 Castle Age
12:25 Double-Bit Axe
12:37 Horse Collar
12:44 Horse Collar
15:30 Wheelbarrow
赶脚的柠檬头
11:16 Feudal Age
14:10 Castle Age
12:28 Double-Bit Axe
12:52 Horse Collar
15:22 Bow Saw
21:10 Wheelbarrow
Fireworks
12:14 Feudal Age
16:09 Castle Age
17:09 Loom
20:38 Imperial Age
20:58 Chemistry
Connection lost

Rejoining the realm…

Still unreachable

The connection could not be restored.

Session expired

The server has moved on; the page needs a fresh start.